 Dungeon Crawl Stone Soup version 0.23-a0-586-gacb4b3f (webtiles) character file.

245 zishaf the Sneak (level 5, 0/40 HPs)
             Began as a Vampire Assassin on Dec 19, 2018.
             Slain by an orc
             ... wielding a +0 falchion
              (3 damage)
             ... on level 3 of the Dungeon.
             The game lasted 00:05:52 (2248 turns).

zishaf the Sneak (Vampire Assassin)                 Turns: 2248, Time: 00:05:52

Health: 0/40       AC:  7    Str: 11    XL:     5   Next: 84%
Magic:  5/5        EV:  9    Int: 14    God:
Gold:   134        SH:  7    Dex: 15    Spells: 4/4 levels left

rFire    . . .     SeeInvis +   a - +3 dagger
rCold    + + .     Gourm    .   k - +0 shield
rNeg     + + +     Faith    .   l - +0 ring mail
rPois    ∞         Spirit   .   j - +0 helmet
rElec    .         Reflect  .   d - +0 cloak
rCorr    .         Harm     .   (no gloves)
MR       .....                  (no boots)
Stlth    +++++.....             (no amulet)
HPRegen  0.00/turn              (no ring)
MPRegen  0.09/turn              (no ring)

@: bloodless, non-regenerating
A: fangs 3, see invisible, unbreathing
a: Bat Form


You were on level 3 of the Dungeon.
You were bloodless.

You visited 1 branch of the dungeon, and saw 3 of its levels.

You collected 134 gold pieces.

Inventory:

Hand Weapons
 a - a +3 dagger (weapon)
 b - a +0 blowgun
Missiles
 e - 23 poisoned needles
 f - a curare-tipped needle
 w - 2 tomahawks (quivered)
Armour
 c - a +0 robe
 d - a +0 cloak (worn)
 j - a +0 helmet (worn)
 k - a +0 shield (worn)
 l - a +0 ring mail (worn)
 o - a +0 chain mail of poison resistance
Scrolls
 h - a scroll of fog {unknown}
 i - 3 scrolls of remove curse {unknown}
 q - a scroll of teleportation {unknown}
 s - a scroll of enchant armour {unknown}
 t - a scroll of enchant weapon {unknown}
 v - a scroll of amnesia {unknown}
Potions
 g - 21 potions of blood
 m - 2 potions of might {unknown}
 n - 3 potions of brilliance {unknown}
 p - a potion of heal wounds {unknown}
 u - a potion of lignification {unknown}
 x - 2 potions of flight {unknown}
Comestibles
 r - 2 rations


   Skills:
 + Level 2.8 Fighting
 + Level 3.4 Short Blades
 - Level 2.2 Throwing
 + Level 2.9 Dodging
 - Level 7.1 Stealth
 * Level 1.6 Shields


You had 4 spell levels left.
You didn't know any spells.
Your spell library was empty.

Dungeon Overview and Level Annotations

Branches:
Dungeon (3/15)

Altars:


Innate Abilities, Weirdness & Mutations

You do not heal naturally.
You are immune to poison.
You have razor-sharp teeth.
You have supernaturally acute eyesight. (SInv)
You can survive without breathing.


Message History

The orc priest is severely wounded.
The orc hits you with a +0 dagger.
* * * LOW HITPOINT WARNING * * *
The orc hits you but does no damage. You block the orc priest's attack.
You closely miss the orc priest. Your bite misses the orc priest.
The orc priest is severely wounded.
You block the rat's attack. You block the orc's attack.
The orc hits you but does no damage.
You hit the orc priest.
The orc priest is almost dead.
The orc priest hits you with a +0 war axe.
* * * LOW HITPOINT WARNING * * *
The rat bites you but does no damage. You block the orc's attack.
The orc hits you with a +0 falchion.
* * * LOW HITPOINT WARNING * * *
You hit the orc priest but do no damage.
The orc priest is almost dead.
You block the rat's attack. The orc priest barely misses you.
You block the orc's attack. The orc hits you with a +0 falchion.
You die...

.# .# .# . .# ...
#######.###$... #
#.......?......
..#....ooo......#
.>.....r@.......
#....(†)......#.
.#...........# #
#...........##.##
#...............#
#..####...........#
## ##.....###..
###..#..##
#.#........#


You could see an orc priest, 2 orcs and a rat.

Vanquished Creatures
  An orc warrior (D:2)
  Terence (D:1)
  Natasha (thrice) (D:2)
  An ooze (D:2)
  3 worms
  A dart slug (D:2)
  A leopard gecko (D:2)
  3 orcs
  2 giant cockroaches
  4 goblins
  6 hobgoblins
  2 jackals (D:2)
  2 kobolds
  2 ball pythons
  2 bats (D:1)
  2 frilled lizards (D:1)
  5 rats
41 creatures vanquished.

Notes
Turn   | Place    | Note
-------+----------+-------------------------------------------
     0 | D:1      | zishaf the Vampire Assassin began the quest for the Orb.
     0 | D:1      | Reached XP level 1. HP: 16/16 MP: 1/1
   121 | D:1      | You fall through a shaft!
   124 | D:2      | Noticed an orc warrior
   136 | D:2      | Reached skill level 6 in Stealth
   167 | D:2      | Killed an orc warrior
   167 | D:2      | Reached XP level 2. HP: 23/23 MP: 2/2
   167 | D:2      | Reached XP level 3. HP: 28/28 MP: 3/3
   167 | D:2      | Reached XP level 4. HP: 34/34 MP: 4/4
   599 | D:2      | Noticed Natasha
   600 | D:2      | Killed Natasha
   601 | D:2      | Noticed Terence
   685 | D:1      | Killed Terence
   685 | D:1      | Reached skill level 1 in Shields
   685 | D:1      | Reached XP level 5. HP: 15/39 MP: 5/5
  1261 | D:2      | Noticed Natasha
  1270 | D:2      | Killed Natasha
  1270 | D:2      | Reached skill level 7 in Stealth
  1388 | D:2      | Noticed Natasha
  1398 | D:2      | Killed Natasha
  2248 | D:3      | Slain by an orc

Vault maps used:
D:1:      dpeg_arrival_rhombus, item_on_display_a
D:2:      first_ration, uniq_terence, uniq_natasha

Skill      XL: |  1  2  3  4  5 |
---------------+----------------+-----
Stealth        | 6 7 |  7.1
Fighting       | 2 |  2.8
Short Blades   | 3 |  3.4
Throwing       | 2 |  2.2
Dodging        | 2 |  2.9
Shields        | 1 |  1.6

Action                   |  1- 3 |  4- 6 || total
-------------------------+-------+-------++-------
Melee: Dagger            |    13 |   137 ||   150
       Bite              |     2 |    13 ||    15
 Fire: Blowgun           |     8 |    13 ||    21
 Abil: End Transformatio |       |     1 ||     1
       Bat Form          |       |     1 ||     1
  Use: Potion            |       |     1 ||     1
 Stab: Sleeping          |     1 |     9 ||    10
       Distracted        |       |     1 ||     1
Armor: Robe              |     2 |       ||     2
       Ring mail         |       |    36 ||    36
Dodge: Dodged            |     8 |    35 ||    43
Block: Shield            |       |    42 ||    42

Table legend:
 A = Non-vault XP
 B = Vault XP
 C = Vault XP percentage of total XP
 D = Non-vault monster count
 E = Vault monster count
 F = Vault count percentage of total count
                 A         B        C        D         E       F
            +---------+---------+-------+---------+---------+-------
      Total |     278 |      73 |  20.8 |      39 |       2 |   4.9
            +---------+---------+-------+---------+---------+-------
        D:1 |      16 |      38 |  70.4 |      11 |       1 |   8.3
        D:2 |     238 |      35 |  12.8 |      18 |       1 |   5.3
        D:3 |      24 |       0 |   0.0 |      10 |       0 |   0.0
            +---------+---------+-------+---------+---------+-------
